 Dungeon Crawl Stone Soup version 0.30.0-29-ga12c61a403 (webtiles) character file.

Game seed: 1675687929784447992

59 hawla the Firebug (level 4, -4/33 HPs)
             Began as a Meteoran Fire Elementalist on June 15, 2023.
             Was an Initiate of Vehumet.
             Slain by a gnoll
             ... wielding a +0 spear
              (7 damage)
             ... on level 4 of the Dungeon.
             The game lasted 00:05:07 (484 turns).

hawla the Firebug (Meteoran Fire Elementalist)       Turns: 484, Time: 00:05:09

Health: -4/33      AC:  2    Str:  9    XL:     4   Next: 46%
Magic:  9/9        EV: 12    Int: 18    God:    Vehumet [......]
Gold:   41         SH:  0    Dex: 15    Spells: 5/8 levels left

rFire   . . .        i - +0 flail
rCold   . . .        (no shield)
rNeg    . . .        a - +0 robe
rPois   .            (no helmet)
rElec   .            (no cloak)
rCorr   .            (no gloves)
SInv    .            (no boots)
Will    .....        (no amulet)
Stlth   +            (no ring)
HPRegen 0.25/turn    (no ring)
MPRegen 0.11/turn

%: no passive effects
@: glowing
A: sense surroundings 1, otherworldly, glowing, explore regen
a: Renounce Religion


You were on level 4 of the Dungeon.
You worshipped Vehumet.
Vehumet was noncommittal.
You visited 1 branch of the dungeon, and saw 4 of its levels.

You collected 41 gold pieces.

Inventory:

Hand Weapons
 i - a +0 flail (weapon)
Armour
 a - a +0 robe (worn)
Magical Staves
 e - a staff of cold
Jewellery
 j - an amulet of magic regeneration
Wands
 h - a wand of acid (15)
Potions
 b - a potion of magic
 f - a potion of attraction


   Skills:
 + Level 0.8(1.3) Maces & Flails
 + Level 1.3(1.4) Staves
 - Level 2.5 Dodging
 - Level 1.4 Stealth
 - Level 2.9 Spellcasting
 - Level 1.3 Conjurations
 - Level 4.1 Fire Magic
 + Level 1.6 Ice Magic
 + Level 1.8 Evocations


You had 5 spell levels left.
You knew the following spells:

 Your Spells              Type           Power      Damage    Failure   Level
a - Foxfire               Conj/Fire      48%        2x1d6     5%          1
b - Scorch                Fire           34%        2d6       4%          2

Your spell library contained the following spells:

 Spells                   Type           Power      Damage    Failure   Level
 Inner Flame              Hex/Fire       10%        N/A       22%         3
 Volatile Blastmotes      Fire/Tloc      20%        2d11      22%         3
 Flame Wave               Conj/Fire      12%        2d6       47%         4


Dungeon Overview and Level Annotations

Branches:
Dungeon (4/15) Zot: 1912
 Temple: D:4-7

Altars:
Vehumet

Shops:
D:2 =

Annotations:
D:3 1 runed translucent door, exclusion: statue, 7w4c's ghost, amateur HOFi


Innate Abilities, Weirdness & Mutations

You passively map a small area around you.
You are easily found by Zot.
You glow in the dark.
You regain HP and MP as you explore.


Message History

The gnoll looks frightened! x2; It was a scroll of fear.
The gnoll hits you from afar with a +0 spear.
The goblin unwields a +0 club.
The goblin wields a +0 sling.
The goblin shoots a sling bullet.
The sling bullet barely misses you.
A gnoll is nearby!
There is a stone staircase leading up here.
An orc wizard and 2 orcs come into view.
The orc shouts!
The orc wizard shouts!
The orc shouts!
You hear a shout!
The orc wizard gestures at you while chanting.
You are confused.
An orc priest comes into view. It is wielding a +0 club.
The orc moves out of view.
The orc priest shouts!
Unknown command.
You're too confused to cast spells.
You are too confused!
Unknown command.
You are too confused!
An orc comes into view. It is wielding a +1 whip of freezing.
The orc shouts!
The goblin shoots a sling bullet.
The sling bullet hits you.
The gnoll hits you from afar with a +0 spear.
You miss the orc wizard.
The orc wizard hits you with a +0 dagger.
You miss the orc.
The orc wizard hits you but does no damage.
The gnoll hits you from afar with a +0 spear.
The orc barely misses you. The orc hits you with a +0 dagger.
The orc wizard hits you with a +0 dagger.
* * * LOW HITPOINT WARNING * * *
The gnoll barely misses you.
Okay, then.
You bump into the rock wall.
You feel less confused.
The orc wizard gestures at you while chanting.
The magic dart hits you!
* * * LOW HITPOINT WARNING * * *
The orc closely misses you. The orc priest barely misses you.
The gnoll hits you from afar with a +0 spear!
You die...

***,,*,,,,,*,,,,,,,,,,,,
#..*,*,*,*,,,,,,,,,,,, ****
*..*,*,*,*,,,,,,,,,,** *,,***
*#.#**,***,,,,,,,,,,* **,,,,**
#..,,,,,,,,,,,,,,,,*
**,,,,,.###..#**,,,,,,,,,,,,,*
**,,,,,,.......****,,,,,,,,,,,*
*,>,,,,,.......## ***,,,,,,,,,*
*,,,,,,,......o@## ***,,,,,,**
*,,,,,,,......#oo## ****,,**
*,,,,,,,......o#og## ****
*,,,,,,,........#.g##
***,,,,,,.......o.#..##
,,,,,,,,,.........##..##
*,,*,,,,,.........*##..##
**,*,,,,,,........* ##.<##
**,,*,,,,,.......#* ##..##


You could see an orc priest, an orc wizard, a gnoll, 3 orcs and a goblin.

Vanquished Creatures
  An orc wizard (D:3)
  An adder (D:3)
  A worm (D:3)
  3 orcs (D:3)
  3 bats
  3 endoplasms
  3 hobgoblins
  2 quokkas
  A frilled lizard (D:3)
  A kobold (D:1)
  A rat (D:1)
20 creatures vanquished.

Vanquished Creatures (others)
  72 foxfires
72 creatures vanquished.

Grand Total: 92 creatures vanquished

Notes
Turn   | Place    | Note
-------+----------+-------------------------------------------
     0 | D:1      | hawla the Meteoran Fire Elementalist began the quest for
                  | the Orb.
     0 | D:1      | Reached XP level 1. HP: 14/14 MP: 5/5
    64 | D:1      | Reached XP level 2. HP: 17/20 MP: 2/6
    81 | D:2      | Learned a level 2 spell: Scorch
    85 | D:2      | Reached skill level 4 in Fire Magic
    95 | D:2      | Found Amuhic's Jewellery Boutique.
   127 | D:3      | Found a radiant altar of Vehumet.
   129 | D:3      | Noticed a charred statue
   154 | D:3      | Became a worshipper of Vehumet
   182 | D:3      | HP: 1/20 [worm (9)]
   254 | D:3      | Reached skill level 1 in Ice Magic
   254 | D:3      | Reached skill level 1 in Evocations
   254 | D:3      | Reached XP level 3. HP: 26/26 MP: 1/8
   299 | D:3      | Reached XP level 4. HP: 33/33 MP: 2/9
   347 | D:3      | Found a runed translucent door.
   347 | D:3      | Noticed 7w4c's ghost (amateur HOFi)
   360 | D:3      | Reached skill level 1 in Staves
   484 | D:4      | Slain by a gnoll

Illustrated notes

Levels and vault maps discovered:
D:1:      eino_arrival_cavern_b, layout_loops_cross
D:2:      layout_rooms, serial_shops,
          nicolae_shop_temple_entry_statues_fountains
D:3:      layout_basic, vehumet_statue, hellmonk_ghost_happy_afterlife
D:4:      layout_cave_pods, enter_ossuary_4, minmay_misc_feat_four_crosses,
          uniq_edmund

Skill      XL: |  1  2  3  4 |
---------------+-------------+-----
Fire Magic     | 4 |  4.1
Ice Magic      | 1 |  1.6
Evocations     | 1 |  1.8
Staves         | 1 |  1.3
Maces & Flails | |  0.8
Dodging        | |  2.5
Stealth        | |  1.4
Spellcasting   | |  2.9
Conjurations   | |  1.3

Action                     |  1- 3 |  4- 6 || total
---------------------------+-------+-------++-------
  Melee: Unarmed           |     6 |       ||     6
         Staff             |     5 |       ||     5
         Flail             |       |     6 ||     6
   Cast: Foxfire           |    31 |    11 ||    42
         Scorch            |     3 |       ||     3
    Use: Scroll            |       |     4 ||     4
 Armour: Robe              |     4 |     7 ||    11
  Dodge: Dodged            |    13 |    21 ||    34
